 Seeded DCSS version 0.30.1-11-g7821555f0a (webtiles) character file.

Game seed: 5 (custom seed)

132 Kazon the Ducker (level 4, -1/32 (35) HPs)
             Began as a Demonspawn Gladiator on Dec 21, 2023.
             Was an Initiate of Okawaru.
             Slain by a black bear (3 damage)
             ... on level 4 of the Dungeon.
             The game lasted 00:08:31 (2193 turns).

Kazon the Ducker (Demonspawn Gladiator)             Turns: 2193, Time: 00:08:31

HP:   -1/32 (35)    AC:  4    Str: 23    XL:     4   Next: 92%
MP:   13/13         EV: 10    Int:  9    God:    Okawaru [......]
Gold: 163           SH: 13    Dex: 20    Spells: 3/3 levels left

rFire   . . .        l - +0 war axe
rCold   . . .        c - +0 tower shield
rNeg    . . .        b - +0 leather armour
rPois   .            (helmet restricted)
rElec   +            (no cloak)
rCorr   .            (no gloves)
SInv    .            (no boots)
Will    .....        f - amulet "Ehodang" {rElec Regen+ Str+6}
Stlth   ++           p - ring of magical power
HPRegen 1.05/turn    y - +6 ring of dexterity
MPRegen 0.13/turn

%: no passive effects
@: drained
A: antennae 1, rugged brown scales 1
a: Renounce Religion


You were on level 4 of the Dungeon.
You worshipped Okawaru.
Okawaru was noncommittal.
You visited 2 branches of the dungeon, and saw 5 of its levels.

You collected 163 gold pieces.

Inventory:

Hand Weapons
 a - a +0 flail
 e - a +2 vampiric dagger
 l - a +0 war axe (weapon)
Missiles
 d - 3 throwing nets
 g - 11 stones (quivered)
 k - 3 boomerangs
 r - 5 poisoned darts
 s - a javelin
Armour
 b - a +0 leather armour (worn)
 c - a +0 tower shield (worn)
Jewellery
 f - the amulet "Ehodang" (around neck) {rElec Regen+ Str+6}
   (You acquired it on level 1 of the Dungeon)

   [amulet of regeneration]

   Str:       It affects your strength (+6).
   rElec:     It insulates you from electricity.
   Regen:     It increases your rate of health regeneration.
 p - a ring of magical power (left hand)
 y - a +6 ring of dexterity (right hand)
Scrolls
 h - a scroll of fog {unknown}
 m - a scroll of blinking {unknown}
 n - a scroll of identify {unknown}
 o - a scroll of summoning {unknown}
 q - 2 scrolls of magic mapping {unknown}
 t - 2 scrolls of teleportation {unknown}
 z - a scroll of amnesia {unknown}
Potions
 i - a potion of resistance {unknown}
 j - 3 potions of curing {unknown}
 u - a potion of flight {unknown}
 v - a potion of berserk rage {unknown}
 w - a potion of invisibility {unknown}
 x - 2 potions of heal wounds {unknown}


   Skills:
 + Level 2.6 Fighting
 + Level 1.3(2.4) Axes
 + Level 3.2(3.4) Maces & Flails
 * Level 2.4 Throwing
 + Level 0.4 Armour
 + Level 3.3 Dodging
 + Level 0.1 Stealth
 + Level 1.0 Shields
 * Level 0.2 Invocations


You had 3 spell levels left.
You didn't know any spells.
Your spell library contained the following spells:

 Spells                   Type           Power      Damage    Failure   Level
 Frozen Ramparts          Ice            0%         1d1       100%        3
 Ice Form                 Ice/Tmut       0%         N/A       100%        4
 Summon Ice Beast         Ice/Summ       Unusable   N/A       N/A         4

Dungeon Overview and Level Annotations

Branches:
Dungeon (4/15)             Temple (1/1) D:4

Altars:
Fedhas
Gozag
Okawaru
Qazlal
Trog
Uskayaw
Wu Jian


Innate Abilities, Weirdness & Mutations

You have a pair of small antennae on your head.
You are partially covered in rugged brown scales. (AC +1, +3% HP)


Message History

You block the black bear's attack.
You barely miss the black bear. You block the black bear's attack. x2
The black bear barely misses you. The black bear bites you.
The black bear claws you. You block the black bear's attack.
You hit the black bear.
The black bear is moderately wounded.
You block the black bear's attack. The black bear claws you.
You block the black bear's attack.
You barely miss the black bear.
The black bear is moderately wounded.
The black bear closely misses you. x2; You block the black bear's attack.
The black bear bites you but does no damage.
You block the black bear's attack. x2
You hit the black bear.
The black bear is heavily wounded.
You block the black bear's attack. x2
The black bear claws you but does no damage.
The black bear bites you! The black bear claws you. x2
You hit the black bear.
The black bear is heavily wounded.
The black bear bites you.
* * * LOW HITPOINT WARNING * * *
The black bear claws you but does no damage. x2
You hit the black bear.
The black bear is severely wounded.
The black bear bites you.
* * * LOW HITPOINT WARNING * * *
You block the black bear's attack. x2; The black bear bites you.
* * * LOW HITPOINT WARNING * * *
The black bear claws you.
* * * LOW HITPOINT WARNING * * *
The black bear closely misses you.
The black bear attacks as you move away!
The black bear bites you but does no damage.
You block the black bear's attack. The black bear claws you.
* * * LOW HITPOINT WARNING * * *
The black bear attacks as you move away!
You block the black bear's attack. The black bear barely misses you.
The black bear claws you.
You die...

.. .... ......# #..#
.# .....###..##.##
..>.......... #
.........##.####.#?
###..##...##........
#.................
#..##.#...)##.#.#.
#.@...............
#h###.#.##.##.#.#
#.# #.#.##.# #o#
#.#.##.# .###+####.#
###.##.##.##.##
.....oo..##
#.##.##.##...
.....h...#
####.........
.........#
#.##.#.#.#
.........#
#.......).


You could see a black bear and an orc.

Vanquished Creatures
  4 adders
  3 worms
  5 orcs
  4 bats
  9 endoplasms
  A giant cockroach (D:1)
  12 goblins
  6 hobgoblins
  11 jackals
  3 kobolds
  6 ball pythons
  3 frilled lizards
  4 rats
71 creatures vanquished.

Notes
Turn   | Place    | Note
-------+----------+-------------------------------------------
     0 | D:1      | Kazon the Demonspawn Gladiator began the quest for the Orb.
     0 | D:1      | Reached XP level 1. HP: 16/16 MP: 1/1
    46 | D:1      | Identified a scroll of acquirement
    46 | D:1      | Acquired the amulet "Ehodang" {rElec Regen+ Str+6}
    88 | D:1      | Gained mutation: You have a pair of small antennae on your
                  | head. [demonic ancestry]
    88 | D:1      | Reached XP level 2. HP: 22/22 MP: 2/2
   451 | D:1      | Gained mutation: You are partially covered in rugged brown
                  | scales. (AC +1, +3% HP) [demonic ancestry]
   451 | D:1      | Reached XP level 3. HP: 23/28 MP: 3/3
  1087 | D:2      | Reached XP level 4. HP: 33/35 MP: 4/4
  1346 | D:2      | Reached skill level 1 in Shields
  1648 | D:3      | Found a blossoming altar of Fedhas.
  1676 | D:3      | Reached skill level 1 in Axes
  1797 | D:3      | Found a stormy altar of Qazlal.
  1913 | D:3      | Identified the +2 sling "Qeuhanocyt" {speed, rElec Str-3
                  | Dex+2}
  1931 | D:3      | Found a faded altar of an unknown god.
  2068 | D:4      | Found a staircase to the Ecumenical Temple.
  2077 | Temple   | Entered the Ecumenical Temple
  2091 | Temple   | Became a worshipper of Warmaster Okawaru
  2170 | D:4      | Noticed a black bear
  2190 | D:4      | HP: 1/32 [black bear (2)]
  2193 | D:4      | Slain by a black bear

Illustrated notes

Levels and vault maps discovered:
D:1:      ebering_trefoil_3fold, layout_basic, st_stairs_14, serial_bayou_ford_a
D:2:      layout_basic, hangedman_decor_growths, minmay_close_crescents
D:3:      layout_rooms, mainiacjoe_overflow_concentric_impassable,
          mainiacjoe_overflow_paths, shapermc_ecumenical_altar_acropolis,
          chequers_serial_rivers_micro_b
D:4:      layout_basic, riverfiend_overflow_shadow_ancestor,
          minmay_temple_entry_glass, uniq_sigmund
Temple:   nicolae_temple_elliptical

Skill      XL: |  1  2  3  4 |
---------------+-------------+-----
Dodging        | 3 |  3.3
Maces & Flails | 3 |  3.2
Throwing       | 2 |  2.4
Shields        | 1 |  1.0
Axes           | 1 |  1.3
Fighting       | |  2.6
Armour         | |  0.4
Stealth        | |  0.1
Invocations    | |  0.2

Action                     |  1- 3 |  4- 6 || total
---------------------------+-------+-------++-------
  Melee: Flail             |    49 |       ||    49
         Punch             |     1 |       ||     1
         Hand axe          |    71 |   110 ||   181
         War axe           |       |    17 ||    17
  Throw: Stone             |       |     5 ||     5
    Use: Scroll            |     2 |       ||     2
         Potion            |     1 |       ||     1
 Armour: Leather armour    |    37 |    39 ||    76
  Dodge: Dodged            |    49 |    48 ||    97
  Block: Tower shield      |    50 |    82 ||   132
